 Dungeon Crawl Stone Soup version 0.28.0-45-g0d030f2227 (webtiles) character file.

Game seed: 1384657570284446750

6683 powzer the Grappler (level 10, -2/92 HPs)
             Began as a Troll Monk on Apr 20, 2022.
             Was an Elder of Makhleb.
             Slain by a warg (14 damage)
             ... on level 9 of the Dungeon on Apr 23, 2022.
             The game lasted 01:24:12 (9730 turns).

powzer the Grappler (Troll Monk)                    Turns: 9730, Time: 01:24:12

Health: -2/92      AC:  7    Str: 25    XL:     10   Next: 73%
Magic:  14/14      EV: 12    Int:  3    God:    Makhleb [****..]
Gold:   585        SH:  0    Dex: 20    Spells: 9/9 levels left

rFire   . . .      SeeInvis .     - Unarmed
rCold   + . .      Faith    +   (no shield)
rNeg    + + .      Spirit   .   I - +0 steam dragon scales
rPois   .          Reflect  .   (helmet restricted)
rElec   .          Harm     .   (no cloak)
rCorr   .          Rampage  .   (gloves unavailable)
Will    +....                   (boots unavailable)
Stlth   ++........              v - amulet of faith
HPRegen 1.05/turn               C - ring of the Salmon {rN++ Will+ Int-3 Dex+8}
MPRegen 0.14/turn               d - ring of protection from cold

@: about to teleport
A: large, unfitting armour, claws 3, regeneration 1, shaggy fur 1, tough skin 1
a: Renounce Religion, Minor Destruction, Lesser Servant of Makhleb, Major
Destruction


You were on level 9 of the Dungeon.
You worshipped Makhleb.
Makhleb was greatly pleased with you.
You visited 1 branch of the dungeon, and saw 9 of its levels.

You collected 585 gold pieces.

Inventory:

Missiles
 b - 277 stones
 r - 7 large rocks
 w - 38 poisoned darts
 A - 2 atropa-tipped darts
 D - 5 curare-tipped darts
 L - a boomerang of dispersal
Armour
 I - +0 steam dragon scales (worn)
Jewellery
 c - a +4 ring of protection
 d - a ring of protection from cold (right claw)
 v - an amulet of faith (around neck)
 B - a ring of willpower
 C - the ring of the Salmon (left claw) {rN++ Will+ Int-3 Dex+8}
   (You found it on level 6 of the Dungeon)

   [ring of willpower]

   Int:       It affects your intelligence (-3).
   Dex:       It affects your dexterity (+8).
   rN:        It greatly protects you from negative energy.
   Will:      It increases your willpower.
Wands
 G - a wand of acid (4)
 J - a wand of flame (5)
Scrolls
 f - a scroll of identify
 i - 3 scrolls of magic mapping
 k - a scroll of amnesia
 o - 2 scrolls of enchant weapon
 p - 3 scrolls of vulnerability
 s - a scroll of holy word {unknown}
 t - 2 scrolls of fear {unknown}
 y - a scroll of teleportation
 z - a scroll of torment {unknown}
 K - 3 scrolls of enchant armour
Potions
 a - a potion of heal wounds {unknown}
 e - 4 potions of cancellation
 g - a potion of magic {unknown}
 h - 2 potions of resistance {unknown}
 j - 2 potions of degeneration {unknown}
 l - a potion of lignification {unknown}
 m - a potion of berserk rage {unknown}
 q - 2 potions of attraction {unknown}
 u - 4 potions of flight
 x - a potion of brilliance {unknown}
 E - 2 potions of ambrosia {unknown}
 F - a potion of might {unknown}
 H - a potion of mutation {unknown}


   Skills:
 + Level 3.9 Fighting
 + Level 5.0 Dodging
 - Level 1.0 Stealth
 * Level 13.1 Unarmed Combat
 + Level 7.2 Invocations


You had 9 spell levels left.
You didn't know any spells.
Your spell library contained the following spells:

 Spells                   Type           Power      Damage    Failure   Level
 Shock                    Conj/Air       0%         1d3       52%         1
 Static Discharge         Conj/Air       0%         N/A       67%         2
 Swiftness                Air            0%         N/A       88%         3
 Airstrike                Air            0%         N/A       99%         4
 Lightning Bolt           Conj/Air       0%         1d11      100%        5
 Maxwell's Capacitive Co  Air            0%         ∞         100%        8


Dungeon Overview and Level Annotations

Branches:
Dungeon (9/15)             Temple (0/1) D:7             Orc (0/2) D:9
   Lair: D:8-11

Altars:
Dithmenos
Makhleb
Trog
Uskayaw
Vehumet
Zin

Shops:
D:4 :


Innate Abilities, Weirdness & Mutations

You are too large for most types of armour.
You have claws for hands.
Your natural rate of healing is unusually fast.
You are covered in fur. (AC +1)
You have tough skin. (AC +1)


Message History

The warg bites you. Something hits you but does no damage.
The warg closely misses you. The warg bites you but does no damage.
The orc hits you with a +0 dagger.
You barely miss something. Your claw misses something.
The warg bites you but does no damage. x2
Something hits you but does no damage. The warg closely misses you.
You miss something. The warg barely misses you. The orc closely misses you.
The warg bites you. The warg barely misses you.
You claw something! The warg closely misses you.
You hear some strange, mumbled words.
A magic dart appears from out of thin air!
The magic dart hits you. The orc hits you but does no damage.
The warg barely misses you. The warg bites you.
You barely miss something. The warg closely misses you.
Something hits you but does no damage. The warg closely misses you.
The warg barely misses you. The orc barely misses you.
You scratch something. You claw something. Makhleb accepts your kill.
You feel better.
Reactivating autopickup.
You feel a bit more experienced. The warg bites you!
The warg barely misses you. The warg bites you!
* * * LOW HITPOINT WARNING * * *
The orc priest hits you with a +0 club.
* * * LOW HITPOINT WARNING * * *
The orc hits you with a +0 dagger.
* * * LOW HITPOINT WARNING * * *
The warg bites you!
* * * LOW HITPOINT WARNING * * *
As you read the scroll of teleportation, it crumbles to dust.
You feel strangely unstable. The warg barely misses you. x2
The orc priest hits you with a +0 club.
* * * LOW HITPOINT WARNING * * *
The orc hits you but does no damage.
The orc priest calls down the wrath of Beogh upon you.
Beogh smites you!
* * * LOW HITPOINT WARNING * * *
The warg misses you. The warg closely misses you.
You feel better. The warg bites you!
You die...

..#.......[.....'.............#..
..###############.............'..
'################...........).#..
..................[....[..)...#..
....<.........................# .
....†..........#####'###'#....#
...[...........#.........#....#
...............#.........#....#
...............#@ho.####.#....#
..[............#hho.####.#....#
...............#o).......#....#
...............#..)......'
##################...###.#
.....#### ......# ..)....#
........


You could see 3 wargs, an orc priest and 2 orcs.

Vanquished Creatures
  An ugly thing (D:9)
  The ghost of Kazon the Skirmisher, a novice HuFi of Makhleb (D:6)
  The ghost of osinmv the Cleaver, a novice MiMo of Jiyva (D:5)
  A kobold demonologist (D:8)
  A hornet (D:8)
  8 yaks
  A steam dragon (D:8)
  A basilisk (D:8)
  A water moccasin (D:9)
  A sky beast (D:6)
  6 orc warriors
  2 black bears
  2 ice beasts
  An ogre (D:5)
  7 centaurs
  4 kobold brigands
  A phantom (D:5)
  3 bullfrogs
  2 scorpions (D:5)
  2 wights (D:8)
  A killer bee (D:8)
  2 howler monkeys
  A wyvern simulacrum (D:6)
  4 centaur zombies
  A hound (D:6)
  2 centaur skeletons
  3 jellies
  3 orc priests
  A bullfrog skeleton (D:5)
  7 orc wizards
  3 iguanas
  A killer bee zombie (D:8)
  A hound zombie (D:5)
  A spectral howler monkey (D:6)
  2 howler monkey zombies
  6 adders
  2 gnolls (D:6)
  4 river rats (D:6)
  An ufetubus (D:6)
  2 worms (D:3)
  3 dart slugs (D:2)
  33 orcs
  3 ball pythons
  7 bats
  4 endoplasms
  4 giant cockroaches
  6 goblins
  6 hobgoblins
  2 jackals (D:1)
  4 quokkas
  2 frilled lizards
  24 kobolds
  5 rats
198 creatures vanquished.

Vanquished Creatures (others)
  2 orcs (D:7)
  3 fungi (D:1)
  23 plants (D:6)
28 creatures vanquished.

Grand Total: 226 creatures vanquished

Notes
Turn   | Place    | Note
-------+----------+-------------------------------------------
     0 | D:1      | powzer the Troll Monk began the quest for the Orb.
     0 | D:1      | Reached XP level 1. HP: 22/22 MP: 0/0
   179 | D:1      | Reached XP level 2. HP: 29/29 MP: 1/1
   810 | D:1      | Found a faded altar of an unknown god.
  1273 | D:2      | Reached XP level 3. HP: 32/36 MP: 2/2
  1397 | D:2      | Reached skill level 4 in Unarmed Combat
  1518 | D:2      | Reached XP level 4. HP: 44/44 MP: 3/3
  2110 | D:3      | You fall into a shaft and drop 3 floors!
  2180 | D:5      | Entered Level 5 of the Dungeon
  2199 | D:5      | Reached skill level 5 in Unarmed Combat
  2199 | D:5      | Reached XP level 5. HP: 49/50 MP: 4/4
  2221 | D:5      | Noticed a phantom
  2226 | D:5      | Killed a phantom
  2334 | D:4      | Found a hide-covered altar of Uskayaw.
  2705 | D:4      | Reached XP level 6. HP: 57/59 MP: 5/5
  2777 | D:4      | Found Losyzaqo's Book Emporium.
  2810 | D:4      | Reached skill level 6 in Unarmed Combat
  3404 | D:5      | Found a runed translucent gate.
  3404 | D:5      | Found a runed translucent gate.
  3404 | D:5      | Noticed osinmv's ghost (novice MiMo)
  3407 | D:5      | Found a runed translucent gate.
  3474 | D:5      | Found a burning altar of Makhleb.
  3477 | D:5      | Became a worshipper of Makhleb the Destroyer
  3477 | D:5      | Reached * piety under Makhleb
  3477 | D:5      | Reached ** piety under Makhleb
  3749 | D:5      | Identified the +1 hunting sling of Zeloisuo {vorpal, Dex+3}
  3760 | D:5      | Reached skill level 7 in Unarmed Combat
  3760 | D:5      | Reached XP level 7. HP: 66/66 MP: 6/6
  3852 | D:5      | Noticed a yak
  3853 | D:5      | Noticed a yak
  3854 | D:5      | Noticed a yak
  3857 | D:5      | Noticed a yak
  3865 | D:5      | Killed a yak
  3868 | D:5      | Killed a yak
  3869 | D:5      | Reached skill level 8 in Unarmed Combat
  3874 | D:5      | Killed a yak
  3875 | D:5      | Reached skill level 1 in Invocations
  3881 | D:5      | Killed a yak
  3882 | D:5      | Reached XP level 8. HP: 56/75 MP: 7/7
  4031 | D:5      | Reached skill level 9 in Unarmed Combat
  4775 | D:6      | Found a runed translucent gate.
  4775 | D:6      | Found a runed translucent gate.
  4776 | D:6      | Found a runed translucent gate.
  4780 | D:6      | Noticed Kazon's ghost (novice HuFi)
  4874 | D:6      | Found a bloodstained altar of Trog.
  4934 | D:6      | Found a glowing silver altar of Zin.
  5118 | D:6      | Reached skill level 10 in Unarmed Combat
  5634 | D:6      | Identified the ring of the Salmon {rN++ Will+ Int-3 Dex+8}
  5951 | D:5      | Killed osinmv's ghost
  5952 | D:5      | Reached XP level 9. HP: 73/83 MP: 8/10
  6120 | D:6      | Killed Kazon's ghost
  6120 | D:6      | Reached *** piety under Makhleb
  6121 | D:6      | Reached skill level 11 in Unarmed Combat
  6373 | D:7      | Found a shadowy altar of Dithmenos.
  6687 | D:7      | Reached skill level 5 in Invocations
  6703 | D:7      | Found a radiant altar of Vehumet.
  6768 | D:7      | Reached **** piety under Makhleb
  7391 | D:7      | Found a staircase to the Ecumenical Temple.
  7504 | D:8      | Reached skill level 12 in Unarmed Combat
  7504 | D:8      | Reached XP level 10. HP: 71/91 MP: 13/13
  7683 | D:8      | Identified the +2 leather armour "Ulokkyt" {Str+3 Int+6}
  8512 | D:8      | Noticed a rust devil
  8536 | D:8      | Noticed a smoke demon
  9283 | D:9      | Noticed a white ugly thing
  9291 | D:9      | Killed a white ugly thing
  9427 | D:9      | Found a staircase to the Orcish Mines.
  9442 | D:9      | Reached skill level 13 in Unarmed Combat
  9449 | D:9      | Reached skill level 5 in Dodging
  9729 | D:9      | HP: 3/92 [orc priest/divine providence (15)]
  9730 | D:9      | Slain by a warg

Illustrated notes

Levels and vault maps discovered:
D:1:      dpeg_arrival_prison, layout_basic,
          dreamdust_ecumenical_altar_hidden_monk_grotto
D:2:      layout_rooms
D:3:      layout_rooms
D:4:      layout_loops_ring, mainiacjoe_overflow_alcove_1, serial_shops,
          nicolae_shop_hallway_plus
D:5:      layout_rooms, kennysheep_mini, gammafunk_ghost_nasty_kobolds
D:6:      wad_woods_tower, layout_basic, mainiacjoe_overflow_alcove_2,
          lemuel_crystal_altar, gammafunk_ghost_necromancy,
          minmay_misc_feat_tower
D:7:      layout_basic, mainiacjoe_overflow_brackets, fiery_altar_vehumet,
          temple_fountains, minmay_starry_boxes
D:8:      minmay_razor_zed, layout_loops_ring, minmay_circle_x
D:9:      layout_stronghold, grunt_temple_overflow_cloverleaf,
          nicolae_hepliaklqana_monster_ancestors, erik_lair_orcish_takeover,
          david_orc_3

Skill      XL: |  1  2  3  4  5  6  7  8  9 10 |
---------------+-------------------------------+-----
Unarmed Combat | 4 5 7 8 10 12 13 | 13.1
Dodging        | 3 4 5 |  5.0
Fighting       | 3 |  3.9
Invocations    | 1 2 5 7 |  7.2
Stealth        | |  1.0

Action                   |  1- 3 |  4- 6 |  7- 9 | 10-12 || total
-------------------------+-------+-------+-------+-------++-------
Melee: Unarmed           |   107 |   126 |   290 |   138 ||   661
       Punch             |     1 |     3 |    32 |    12 ||    48
Invok: Minor Destruction |       |     4 |    85 |    63 ||   152
  Use: Scroll            |       |       |     3 |     7 ||    10
       Potion            |       |       |       |     4 ||     4
 Stab: Sleeping          |       |     1 |     1 |       ||     2
Armor: Robe              |    57 |    61 |    32 |    15 ||   165
       Steam dragon scal |       |       |       |    17 ||    17
Dodge: Dodged            |    48 |    49 |    93 |   105 ||   295
